 Dungeon Crawl Stone Soup version 0.13-a0-2116-g5cefd36 (webtiles) character file.

2588 Kae the Conjurer (level 9, -1/45 HPs)
             Began as a Tengu Fire Elementalist on June 27, 2013.
             Was a Believer of Vehumet.
             Slain by a gnoll sergeant
             ... wielding a +1,+2 trident
              (5 damage)
             ... on Level 7 of the Dungeon.
             The game lasted 00:19:31 (7593 turns).

Kae the Conjurer (Tengu Fire Elementalist)          Turns: 7593, Time: 00:19:31

HP  -1/45        AC  2     Str  9      XL: 9   Next: 45%
MP  14/21        EV 12     Int 19      God: Vehumet [**....]
Gold 203         SH  0     Dex 14      Spells:  2 memorised, 12 levels left

Res.Fire  : . . .   See Invis. : .   p - +1,+0 quarterstaff
Res.Cold  : . . .   Warding    : .   a - +0 robe
Life Prot.: . . .   Conserve   : .   (no shield)
Res.Poison: .       Res.Corr.  : .   g - +0 wizard hat
Res.Elec. : .       Clarity    : .   (no cloak)
Sust.Abil.: . .     Spirit.Shd : .   (no gloves)
Res.Mut.  : .       Stasis     : .   (boots unavailable)
Res.Rott. : .       Flight     : .   (no amulet)
Saprovore : . . .                    (no ring)
                                     u - ring of wizardry

@: slightly resistant to hostile enchantments, fairly stealthy
A: able to fly, beak, talons 3
a: Fly, Renounce Religion


You were on level 7 of the Dungeon.
You worshipped Vehumet.
Vehumet was most pleased with you.
You were very hungry.

You visited 2 branches of the dungeon, and saw 8 of its levels.
You also visited: Sewer.

You collected 183 gold pieces.

Inventory:

Hand weapons
 p - a +1,+0 quarterstaff (weapon)
Armour
 a - a +0 robe (worn)
 g - a +0 wizard hat (worn)
Magical devices
 w - a wand of cold (3)
 x - a wand of frost (15)
 y - a wand of slowing (9) {unknown}
Comestibles
 c - 6 bread rations
 j - 2 meat rations
 k - 2 chokos
Scrolls
 d - 5 scrolls of identify
 f - a scroll of fear
 l - 4 scrolls of teleportation
 m - 7 scrolls of remove curse
 o - a scroll of enchant armour {unknown}
 v - a scroll of enchant weapon III {unknown}
 z - a scroll of fog {unknown}
Jewellery
 e - an uncursed ring of teleportation
 u - a ring of wizardry (left hand)
 A - an uncursed ring of protection from magic {unknown}
Potions
 h - a potion of brilliance
 i - a potion of invisibility
 n - a potion of paralysis {unknown}
 q - a potion of agility {unknown}
 r - 3 potions of heal wounds
 s - a potion of curing
 t - a potion of restore abilities
 B - a potion of resistance {unknown}
Books
 b - a book of Flames

   Spells                             Type                      Level
   *Flame Tongue                      Conjuration/Fire             1
   Throw Flame                        Conjuration/Fire             2
   *Conjure Flame                     Conjuration/Fire             3
   Inner Flame                        Hexes/Fire                   3
   Sticky Flame                       Conjuration/Fire             4
   Fireball                           Conjuration/Fire             5


   Skills:
 - Level 2.1 Dodging
 - Level 2.0 Stealth
 + Level 4.4 Spellcasting
 * Level 9.8 Conjurations
 * Level 8.8 Fire Magic


You had 12 spell levels left.
You knew the following spells:

 Your Spells              Type           Power        Failure   Level  Hunger
a - Flame Tongue          Conj/Fire      #####        1%          1    None
b - Conjure Flame         Conj/Fire      #####...     1%          3    ###....


Dungeon Overview and Level Annotations

Branches:
Dungeon (7/27)             Temple (1/1) D:4
    Orc: D:6-11

Altars:
Ashenzari
Cheibriados
Elyvilon
Kikubaaqudgha
Makhleb
Nemelex Xobeh
Okawaru
Sif Muna
Trog
Vehumet
Xom
Yredelemnul
Zin
the Shining One

Shops:
D:5: +

Annotations
D:5 exclusion: centaur


Innate Abilities, Weirdness & Mutations

You can fly.
You have a beak for a mouth.
You have claws for feet.


Message History

Press: ? - help, Shift-Dir - straight line, f/p - gnoll sergeant
Aim: a gnoll sergeant, wielding a trident, wearing a ring mail and wearing a buckler (heavily wounded)
The flame hits the gnoll sergeant.
The gnoll sergeant appears unharmed.
The gnoll sergeant is heavily wounded.
The gnoll sergeant hits you from afar with a trident!
Casting: Flame Tongue
Confirm with . or Enter, or press ? or * to list all spells.
Aiming: Flame Tongue
Press: ? - help, Shift-Dir - straight line, f/p - gnoll sergeant
Aim: a gnoll sergeant, wielding a trident, wearing a ring mail and wearing a buckler (heavily wounded)
The flame hits the gnoll sergeant.
The gnoll sergeant is severely wounded.
The gnoll sergeant hits you from afar with a trident.
* * * LOW HITPOINT WARNING * * *
The gnoll sergeant throws a club.
The club hits you!
* * * LOW HITPOINT WARNING * * *
You see here a club.
There is a stone staircase leading up, spattered with blood here.
The gnoll sergeant hits you from afar with a trident.
You die...

########
#.#......#
#g%!.).#
###.##.#
#.g.@#
#..#.#
#..#.# #.
#.# #. #..
## ###


You could see a gnoll sergeant.

Vanquished Creatures
  Grinder (D:3)
  The ghost of disskorpion the Insei, an average GrFi (D:3)
  A necrophage (D:5)
  2 sky beasts
  3 ogres
  2 centaurs
  Sigmund (D:3)
  A giant frog zombie (D:3)
  A water moccasin (D:6)
  8 big kobolds (Sewer)
  A mottled dragon zombie (D:4)
  A crimson imp (D:6)
  An orc priest (D:4)
  A hound zombie (D:3)
  A scorpion (D:5)
  3 orc wizards (D:4)
  3 worker ants
  2 worker ant zombies
  A jelly (D:5)
  6 adders
  A gnoll (D:7)
  A green rat (Sewer)
  An adder skeleton (D:5)
  A giant mite (D:2)
  An inept feature mimic (D:3)
  An inept item mimic (D:6)
  6 worms
  4 giant geckos
  4 orcs
  6 giant cockroaches
  4 grey rats
  10 hobgoblins
  13 kobolds
  5 quokkas
  5 ball pythons
  12 bats
  A giant gecko skeleton (D:5)
  2 giant gecko zombies (D:3)
  4 giant newts
  13 goblins
  8 jackals
  3 quokka skeletons
  A quokka zombie (D:3)
  24 rats
172 creatures vanquished.

Vanquished Creatures (others)
  A kobold (D:3)
  A rat (D:4)
2 creatures vanquished.

Grand Total: 174 creatures vanquished

Notes
Turn   | Place    | Note
--------------------------------------------------------------
     0 | D:1      | Kae, the Tengu Fire Elementalist, began the quest for the Orb.
     0 | D:1      | Reached XP level 1. HP: 10/10 MP: 3/3
   379 | D:1      | Reached XP level 2. HP: 15/15 MP: 3/5
  1160 | D:2      | Reached XP level 3. HP: 19/19 MP: 7/7
  1663 | D:2      | Reached skill level 4 in Fire Magic
  1937 | D:2      | Learned a level 3 spell: Conjure Flame
  1985 | D:3      | Reached XP level 4. HP: 24/24 MP: 4/8
  2254 | D:3      | Noticed a giant frog zombie
  2260 | D:3      | HP: 1/24 [giant frog zombie (1)]
  2265 | D:3      | Killed a giant frog zombie
  2265 | D:3      | Reached XP level 5. HP: 19/28 MP: 5/11
  2417 | D:3      | Noticed Grinder
  2418 | D:3      | Paralysed by Grinder for 3 turns
  2442 | D:3      | Noticed disskorpion's ghost (average GrFi)
  2442 | D:3      | Killed Grinder
  2442 | D:3      | Reached skill level 5 in Conjurations
  2442 | D:3      | Reached skill level 5 in Fire Magic
  2442 | D:3      | Reached XP level 6. HP: 18/32 MP: 4/13
  2492 | D:3      | Killed disskorpion's ghost
  2492 | D:3      | Reached skill level 6 in Conjurations
  2492 | D:3      | Reached XP level 7. HP: 25/36 MP: 1/15
  2777 | D:3      | Noticed Sigmund
  3278 | D:3      | Killed Sigmund
  3278 | D:3      | Reached skill level 7 in Conjurations
  3959 | D:4      | Reached XP level 8. HP: 29/41 MP: 8/18
  4345 | D:4      | Found a staircase to the Ecumenical Temple.
  4355 | Temple   | Entered the Ecumenical Temple
  4416 | Temple   | Became a worshipper of Vehumet
  4550 | D:4      | Found a glowing golden altar of the Shining One.
  4550 | D:4      | Found a deep blue altar of Sif Muna.
  4624 | D:4      | Found a glowing drain.
  4633 | Sewer    | Entered a sewer
  4877 | Sewer    | Reached skill level 8 in Conjurations
  5438 | Sewer    | Acquired Vehumet's first power
  5438 | Sewer    | Offered knowledge of Sting by Vehumet.
  5754 | D:4      | Reached XP level 9. HP: 45/45 MP: 17/21
  5794 | D:5      | Entered Level 5 of the Dungeon
  5803 | D:5      | Reached skill level 9 in Conjurations
  6173 | D:5      | Found Plaij's Book Boutique.
  6438 | D:5      | Found a basalt altar of Yredelemnul.
  6725 | D:6      | Found a shimmering altar of Xom.
  6864 | D:6      | Offered knowledge of Magic Dart by Vehumet.
  7593 | D:7      | Slain by a gnoll sergeant

Action                   |  1- 3 |  4- 6 |  7- 9 || total
-------------------------+-------+-------+-------++-------
Melee: Unarmed           |     7 |       |     1 ||     8
       Quarterstaff      |       |       |     3 ||     3
 Cast: Flame Tongue      |    55 |    26 |   302 ||   383
       Conjure Flame     |       |     1 |     5 ||     6
Evoke: Wand              |       |       |     3 ||     3
  Use: Scroll            |     6 |       |     4 ||    10
       Potion            |       |     7 |     1 ||     8
